 Dungeon Crawl Stone Soup version 0.18.1-48-g4cf74bf (webtiles) character file.

163 HEYYEYAAE the Cutter (level 5, 0/67 HPs)
             Began as a Demigod Gladiator on Sept 9, 2016.
             Succumbed to an adder's poison
             ... in a sewer.
             The game lasted 00:04:39 (2781 turns).

HEYYEYAAE the Cutter (Demigod Gladiator)            Turns: 2781, Time: 00:04:39

Health: 0/67       AC:  5    Str: 25    XL:     5   Next: 0%
Magic:  8/8        EV: 14    Int: 12    God:
Gold:   139        SH:  0    Dex: 21    Spells: 0 memorised, 4 levels left

rFire  . . .     SeeInvis +     a - +0 rapier
rCold  . . .     Gourm    .     b - +0 leather armour
rNeg   . . .     Faith    .     (no shield)
rPois  .         Spirit   .     v - +1 helmet
rElec  .         Dismiss  .     (no cloak)
rCorr  .         Reflect  .     (no gloves)
SustAt +         Harm     .     (no boots)
MR     .....                    g - amulet of rage
Stlth  ..........               s - +5 ring of dexterity
                                t - ring of see invisible

@: berserking (expiring), lethally poisoned (0 -> -4), very quick, not resistant
to hostile enchantments, extremely unstealthy
A: high mp 1, sustain attributes
a: Evoke Berserk Rage


You were in a sewer.
You were not hungry.

You visited 1 branch of the dungeon, and saw 3 of its levels.
You also visited: Sewer.

You collected 139 gold pieces.

Inventory:

Hand Weapons
 a - a +0 rapier (weapon)
Missiles
 d - 3 throwing nets (quivered)
Armour
 b - a +0 leather armour (worn)
 c - a +0 helmet
 v - a +1 helmet (worn)
Jewellery
 g - an amulet of rage (around neck)
 k - an uncursed amulet of harm {unknown}
 m - an uncursed ring of resist corrosion
 n - a +3 ring of dexterity
 s - a +5 ring of dexterity (right hand)
 t - a ring of see invisible (left hand)
 u - an uncursed amulet of magic regeneration
Scrolls
 e - a scroll of enchant armour {unknown}
 i - a scroll of recharging {unknown}
 l - a scroll of enchant weapon {unknown}
 q - 2 scrolls of teleportation {unknown}
Potions
 o - 2 potions of flight
Comestibles
 f - 3 bread rations
 h - 2 slices of pizza
 p - a meat ration


   Skills:
 * Level 3.0 Fighting
 + Level 3.3 Short Blades
 - Level 1.7 Throwing
 + Level 1.6 Armour
 + Level 3.3 Dodging
 + Level 1.2 Evocations


You had 4 spell levels left.
You didn't know any spells.

Dungeon Overview and Level Annotations

Branches:
Dungeon (3/15)


Innate Abilities, Weirdness & Mutations

You have an increased reservoir of magic (+10% MP).
Your attributes are resistant to harm.


Message History

You barely miss the rat. You puncture the rat!
You kill the rat!
* * * LOW HITPOINT WARNING * * *
You feel sick.
You puncture the rat!
You kill the rat!
You have reached level 5!
The rat misses you.
You puncture the rat!
You kill the rat!
* * * LOW HITPOINT WARNING * * *
You feel sick.
There is a lethal amount of poison in your body!
Unknown command.
You are too berserk!
Unknown command.
You are too berserk!
You feel a strong urge to attack something.
You die...

###################
##....≈≈≈≈≈≈≈≈≈≈≈≈≈≈
#.....≈≈≈≈≈≈≈≈≈≈≈≈≈≈
#..∩.†††≈≈≈≈≈≈≈≈≈≈≈r
#..@.≈≈†≈≈≈≈≈≈≈≈≈≈≈r
#.....†≈≈≈≈≈≈≈≈≈≈≈≈≈
##...≈≈≈≈≈≈≈≈≈≈≈≈≈≈≈
###################


There were no monsters in sight!

Vanquished Creatures
  7 adders
  3 oozes
  3 worms
  4 giant geckos
  An orc (D:3)
  A ball python (D:2)
  8 bats
  5 giant cockroaches
  6 goblins
  6 hobgoblins
  3 jackals (D:2)
  A quokka (D:3)
  A giant newt (D:1)
  12 kobolds
  16 rats
77 creatures vanquished.

Notes
Turn   | Place    | Note
--------------------------------------------------------------
     0 | D:1      | HEYYEYAAE the Demigod Gladiator began the quest for the Orb.
     0 | D:1      | Reached XP level 1. HP: 17/17 MP: 3/3
   144 | D:1      | Reached XP level 2. HP: 15/24 MP: 4/4
   251 | D:1      | Reached skill level 1 in Armour
   818 | D:2      | Reached XP level 3. HP: 5/30 MP: 5/5
  1121 | D:2      | Found a sparkling altar of Nemelex Xobeh.
  1313 | D:2      | Found a deep blue altar of Sif Muna.
  1350 | D:2      | Reached skill level 1 in Evocations
  2015 | D:2      | Reached XP level 4. HP: 36/37 MP: 7/7
  2665 | D:3      | Found a glowing drain.
  2688 | Sewer    | Entered a sewer
  2775 | Sewer    | HP: 2/57 [poisoned by an adder]
  2778 | Sewer    | Reached XP level 5. HP: 1/45 MP: 8/8
  2781 | Sewer    | Succumbed to an adder's poison

Skill      XL: |  1  2  3  4 |
---------------+-------------+-----
Fighting       | 2 3 |  3.0
Armour         | 1 |  1.6
Short Blades   | 3 |  3.3
Dodging        | 3 |  3.3
Evocations     | 1 |  1.2
Throwing       | |  1.7

Action                   |  1- 3 |  4- 6 || total
-------------------------+-------+-------++-------
Melee: Rapier            |   157 |   123 ||   280
 Abil: Evoke Berserk Rag |       |     1 ||     1
  Use: Scroll            |       |     9 ||     9
       Potion            |       |     3 ||     3
 Stab: Sleeping          |     1 |     2 ||     3
  Eat: Chunk             |     2 |     2 ||     4
       Pizza             |       |     1 ||     1
       Beef jerky        |       |     1 ||     1
Armor: Leather armour    |    32 |    43 ||    75
       Skin              |       |     2 ||     2
Dodge: Dodged            |   112 |   151 ||   263
